 Dungeon Crawl Stone Soup version 0.21.1-1-g345015fe64 (webtiles) character file.

3798 Delanovic the Blocker (level 10, 0/64 HPs)
             Began as a Gargoyle Fighter on Apr 24, 2018.
             Was a Priest of Okawaru.
             Slain by Erolcha
             ... wielding a +0 giant club
              (13 damage)
             ... on level 9 of the Dungeon.
             The game lasted 00:26:22 (8839 turns).

Delanovic the Blocker (Gargoyle Fighter)            Turns: 8839, Time: 00:26:23

Health: 0/64       AC: 21    Str: 24    XL:     10   Next: 16%
Magic:  10/10      EV: 10    Int: 10    God:    Okawaru [***...]
Gold:   528        SH: 11    Dex: 12    Spells: 9/9 levels left

rFire    . . .     SeeInvis .   I - +2 mace (holy)
rCold    . . .     Gourm    .   c - +0 shield
rNeg     + . .     Faith    .   F - +3 scale mail {MR+}
rPois    ∞         Spirit   .   (no helmet)
rElec    +         Reflect  .   (no cloak)
rCorr    .         Harm     .   o - +2 pair of gloves
MR       ++...                  (no boots)
Stlth    ..........             x - amulet of regeneration
HPRegen  0.60/turn              G - ring of flight
MPRegen  0.12/turn              r - ring of protection from magic

@: mighty
A: claws 1, blink, blurry vision 1, negative energy resistance 1, electricity
resistance, unbreathing, petrification resistance, rot immunity, AC +7
a: Blink, Heroism, Renounce Religion, Evoke Flight


You were on level 9 of the Dungeon.
You worshipped Okawaru.
Okawaru was most pleased with you.
You were not hungry.

You visited 2 branches of the dungeon, and saw 10 of its levels.
You also visited: Sewer.

You collected 528 gold pieces.

Inventory:

Hand Weapons
 a - a +0 morningstar
 b - a +2 shortbow of flaming
 g - a +0 flail
 p - a +1 falchion of freezing
 I - a +2 mace of holy wrath (weapon)
Missiles
 H - 48 arrows
Armour
 c - a +0 shield (worn)
 d - the cursed +0 robe of Eternity {rElec Regen+}
   (You found it on level 4 of the Dungeon)

   It insulates you from electricity.
   It increases your rate of regeneration.
   It has a curse placed upon it.
 o - a +2 pair of gloves (worn)
 F - a +3 scale mail of magic resistance (worn)
Jewellery
 r - a ring of protection from magic (right hand)
 x - an amulet of regeneration (around neck)
 G - a ring of flight (left hand)
Wands
 D - a wand of random effects (36)
 K - a wand of polymorph (9)
Scrolls
 e - a scroll of magic mapping
 h - a scroll of fog
 j - 2 scrolls of enchant armour
 q - a scroll of fear {unknown}
 u - a scroll of remove curse
 y - 2 scrolls of acquirement
 A - 2 scrolls of amnesia {unknown}
Potions
 i - 2 potions of flight
 l - a potion of brilliance
 m - a potion of curing
 n - a potion of cancellation
 s - a potion of magic
 v - a potion of invisibility {unknown}
 w - a potion of haste
 z - 3 potions of resistance
 C - a potion of mutation
 E - a potion of heal wounds
 J - a potion of lignification
Books
 k - a book of Cantrips

   Spells                             Type                      Level
   a - Confusing Touch                Hexes                        1
   b - Animate Skeleton               Necromancy                   1
   c - Summon Small Mammal            Summoning                    1
   d - Apportation                    Translocation                1
 B - the Tome of Necromancy
   (You found it on level 6 of the Dungeon)

   Spells                             Type                      Level
   a - Pain                           Necromancy                   1
   b - Corpse Rot                     Necromancy                   2
   c - Sublimation of Blood           Necromancy                   2
   d - Vampiric Draining              Necromancy                   3
   e - Borgnjor's Vile Clutch         Necromancy/Earth             5
   f - Dispel Undead                  Necromancy                   5
Comestibles
 f - 11 rations
 L - a chunk of flesh


   Skills:
 + Level 8.2 Fighting
 + Level 7.1 Maces & Flails
 - Level 2.1 Bows
 + Level 8.2 Armour
 + Level 2.4 Dodging
 + Level 8.3 Shields


You had 9 spell levels left.
You didn't know any spells.

Dungeon Overview and Level Annotations

Branches:
Dungeon (9/15)             Temple (1/1) D:5
   Lair: D:8-11         Orc: D:9-12

Altars:
Ashenzari
Cheibriados
Dithmenos
Elyvilon
Fedhas
Gozag
Hepliaklqana
Kikubaaqudgha
Nemelex Xobeh
Okawaru
Ru
Sif Muna
Trog
Uskayaw
Vehumet
Wu Jian
Xom
Yredelemnul
The Shining One

Annotations:
D:2 1 runed door
D:9 Erolcha


Innate Abilities, Weirdness & Mutations

You are resistant to torment.
Your stone body is resilient. (AC +7)
You are immune to poison.
You resist negative energy. (rN+)
You are resistant to electric shocks. (rElec)
You can survive without breathing.
You are immune to petrification.
You are immune to rotting.
You have sharp fingernails.
You can translocate small distances at will.
Scrolls take you a little longer to read.


Message History

You block Erolcha's attack.
You hit Erolcha.
Erolcha is moderately wounded.
Erolcha gestures at you while chanting. The crystal spear hits you!
Erolcha hits you with a giant club.
You hit Erolcha but do no damage.
Erolcha is moderately wounded.
You block Erolcha's attack.
You barely miss Erolcha.
Erolcha is moderately wounded.
Erolcha barely misses you.
You hit Erolcha.
Erolcha is moderately wounded.
Erolcha hits you with a giant club!
You feel very mighty all of a sudden.
Erolcha points at you and mumbles some strange words.
The crystal spear hits you!
* * * LOW HITPOINT WARNING * * *
Erolcha hits you with a giant club!
You die...

##.#.# #....#
###....## #.......#
#.......###
#.........#######
#......##........ ####
..................
....
##..##....@#####.. #
#. #.. #...O<# #. #.
#........# ####.#
.........>.# ... ..##
...........# #.. #.#
...........# #(# ##..
.#........### #.###.##
##.....#.#
#.###.##.###
#.....#.###.....)..##.


You could see Erolcha.

Vanquished Creatures
  The ghost of Delanovic the Basher, a novice TrBe of Trog (D:8)
  A hornet (D:9)
  Prince Ribbit (D:6)
  The ghost of Gargoyl the Skirmisher, an amateur CeAK of Lugonu (D:3)
  2 sky beasts
  A black bear (D:6)
  3 ogres
  A phantom (D:9)
  2 centaurs
  A gnoll sergeant (D:6)
  3 scorpions (D:6)
  3 wights (D:6)
  A howler monkey (D:5)
  3 crimson imps
  7 hounds
  3 jellies
  2 bullfrog skeletons
  2 gnoll shamans
  2 orc priests (D:5)
  3 orc wizards
  3 iguanas
  10 worker ants
  A killer bee zombie (D:6)
  A worker ant zombie (D:9)
  15 gnolls
  11 adders
  A river rat (Sewer)
  A shadow imp (D:7)
  2 oozes
  An adder skeleton (D:6)
  An adder zombie (D:5)
  2 dart slugs
  5 worms
  4 leopard geckos
  17 orcs
  9 bats
  10 giant cockroaches
  9 goblins
  7 hobgoblins
  10 jackals
  5 quokkas
  8 ball pythons
  10 frilled lizards
  A goblin zombie (D:2)
  A jackal zombie (D:5)
  17 kobolds
  10 rats
  A plant (D:2)
216 creatures vanquished.

Notes
Turn   | Place    | Note
-------+----------+-------------------------------------------
     0 | D:1      | Delanovic the Gargoyle Fighter began the quest for the Orb.
     0 | D:1      | Reached XP level 1. HP: 14/14 MP: 1/1
    68 | D:1      | Reached XP level 2. HP: 19/19 MP: 2/2
   350 | D:1      | Reached XP level 3. HP: 23/23 MP: 3/3
  1200 | D:2      | Found a runed door.
  1200 | D:2      | Noticed a human
  1246 | D:2      | Found a basalt altar of Yredelemnul.
  1330 | D:2      | Reached XP level 4. HP: 27/29 MP: 4/4
  1931 | D:3      | Found a glowing golden altar of the Shining One.
  2355 | D:3      | Noticed Gargoyl's ghost (amateur CeAK)
  2384 | D:3      | Killed Gargoyl's ghost
  2384 | D:3      | Reached XP level 5. HP: 19/34 MP: 5/5
  2384 | D:3      | Reached XP level 6. HP: 21/39 MP: 6/6
  2614 | D:3      | Found a faded altar of an unknown god.
  3121 | D:4      | Found a hide-covered altar of Uskayaw.
  3121 | D:4      | Noticed a sky beast
  3131 | D:4      | Killed a sky beast
  3131 | D:4      | Reached skill level 5 in Fighting
  3131 | D:4      | Reached skill level 5 in Armour
  3131 | D:4      | Reached skill level 5 in Shields
  3131 | D:4      | Reached XP level 7. HP: 44/44 MP: 7/7
  3339 | D:4      | Got an ominously black robe
  4117 | D:5      | Entered Level 5 of the Dungeon
  4118 | D:5      | Found a glowing drain.
  4260 | Sewer    | Entered a sewer
  4776 | D:5      | Found a staircase to the Ecumenical Temple.
  4794 | D:5      | Reached XP level 8. HP: 45/51 MP: 8/8
  4825 | Temple   | Entered the Ecumenical Temple
  4986 | Temple   | Became a worshipper of Warmaster Okawaru
  5023 | D:5      | Reached skill level 5 in Maces & Flails
  5616 | D:5      | Found a glowing golden altar of the Shining One.
  5786 | D:5      | Identified the cursed +0 robe of Eternity {rElec Regen+} (You found it on level 4 of the Dungeon)
  5811 | D:6      | Identified 3 scrolls of acquirement
  5990 | D:6      | Reached * piety under Okawaru
  6364 | D:6      | Reached XP level 9. HP: 50/56 MP: 9/9
  6527 | D:6      | Noticed Prince Ribbit
  6551 | D:6      | Killed Prince Ribbit
  6915 | D:6      | Identified the Tome of Necromancy
  7263 | D:7      | Reached ** piety under Okawaru
  7912 | D:8      | Noticed Gastronok
  7952 | D:8      | Gained mutation: You can translocate small distances at will. [potion of mutation]
  7952 | D:8      | Gained mutation: Scrolls take you a little longer to read. [potion of mutation]
  7952 | D:8      | Gained mutation: You have sharp fingernails. [potion of mutation]
  8077 | D:8      | Noticed Delanovic's ghost (novice TrBe)
  8103 | D:8      | Killed Delanovic's ghost
  8103 | D:8      | Reached *** piety under Okawaru
  8398 | D:9      | Reached XP level 10. HP: 60/64 MP: 10/10
  8823 | D:9      | Noticed Erolcha
  8839 | D:9      | Slain by Erolcha

Skill      XL: |  1  2  3  4  5  6  7  8  9 10 |
---------------+-------------------------------+-----
Shields        | 4 5 7 8 |  8.3
Armour         | 4 5 6 7 8 |  8.2
Fighting       | 4 5 6 7 8 |  8.2
Maces & Flails | 3 4 5 6 7 |  7.1
Bows           | 2 |  2.1
Dodging        | 2 |  2.4

Action                   |  1- 3 |  4- 6 |  7- 9 | 10-12 || total
-------------------------+-------+-------+-------+-------++-------
Melee: Flail             |   156 |   223 |   477 |       ||   856
       Morningstar       |       |       |   158 |       ||   158
       Mace              |       |       |    74 |    96 ||   170
  Use: Potion            |       |     2 |    12 |     1 ||    15
       Scroll            |       |       |    11 |       ||    11
  Eat: Chunk             |     2 |     6 |    15 |     2 ||    25
       Ration            |       |       |     1 |       ||     1
Armor: Scale mail        |    97 |    45 |    46 |    35 ||   223
       Chain mail        |       |    84 |   367 |       ||   451
       Skin              |       |     3 |       |       ||     3
Dodge: Dodged            |    53 |    48 |   165 |    39 ||   305
Block: Shield            |   108 |   103 |   398 |    54 ||   663
